 Dungeon Crawl Stone Soup version 0.30-a0-743-gbfdf073431 (webtiles) character file.

Game seed: 17496271341070663416

12217 Sabo the Protected (level 11, 0/90 HPs)
             Began as a Gnoll Wanderer on Feb 5, 2023.
             Was a High Priest of Wu Jian.
             Slain by a troll (6 damage)
             ... on level 10 of the Dungeon on Feb 8, 2023.
             The game lasted 01:20:07 (14401 turns).

Sabo the Protected (Gnoll Wanderer)                Turns: 14401, Time: 01:20:07

Health: 0/90       AC: 19    Str: 12    XL:     11   Next: 89%
Magic:  31/31      EV: 12    Int: 20    God:    Wu Jian [*****.]
Gold:   705        SH:  5    Dex:  9    Spells: 13/25 levels left

rFire   . . .      SeeInvis +    a - +6 flail (freeze)
rCold   . . .      Faith    .    b - +0 buckler
rNeg    . . .      Spirit   .    P - +1 acid dragon scales
rPois   .          Reflect  .    Q - +2 helmet
rElec   .          Harm     .    e - +2 cloak of the Thief {*Fog Slay-2 SInv Stlth+}
rCorr   +          Rampage  .    B - +0 pair of gloves
Will    .....                    x - +0 pair of boots
Stlth   ++++                     m - amulet of the acrobat
HPRegen 0.35/turn                n - +4 ring of slaying
MPRegen 0.22/turn                G - ring of magical power

@: no status effects
A: fangs 1, strong nose, distributed training, clever 1, screaming 1
a: Renounce Religion, Wall Jump, Serpent's Lash, Heavenly Storm


You were on level 10 of the Dungeon.
You worshipped Wu Jian.
Wu Jian was extremely pleased with you.
You visited 1 branch of the dungeon, and saw 10 of its levels.
You also visited: Sewer.

You collected 705 gold pieces.

Inventory:

Hand Weapons
 a - a +6 flail of freezing (weapon)
 k - a +3 scimitar of flaming
 o - a +0 glaive of flaming
 I - a +0 shortbow
 O - a +2 quarterstaff of chaos
Missiles
 F - 13 boomerangs
 J - 45 poisoned darts (quivered)
Armour
 b - a +0 buckler (worn)
 e - the +2 cloak of the Thief (worn) {*Fog Slay-2 SInv Stlth+}
   (You acquired it on level 4 of the Dungeon)

   *Fog:      It may release a thick cloud of smoke when the wearer is hurt.
   Slay:      It affects your accuracy & damage with ranged weapons and melee
   (-2).
   SInv:      It lets you see invisible.
   Stlth:     It makes you more stealthy.
 q - a scarf of resistance
 x - a +0 pair of boots (worn)
 B - a +0 pair of gloves (worn)
 P - +1 acid dragon scales (worn)
 Q - a +2 helmet (worn)
Jewellery
 g - a ring of willpower
 m - an amulet of the acrobat (around neck)
 n - a +4 ring of slaying (left hand)
 y - a ring of positive energy
 z - a ring of protection from fire
 G - a ring of magical power (right hand)
Wands
 i - a wand of paralysis (3)
 D - a wand of polymorph (10)
 H - a wand of iceblast (10)
Scrolls
 c - a scroll of fog
 l - a scroll of fear
 s - 4 scrolls of amnesia
 u - 2 scrolls of teleportation
 E - a scroll of magic mapping
 K - a scroll of poison {unknown}
Potions
 d - a potion of invisibility
 f - a potion of magic {unknown}
 h - a potion of lignification
 j - a potion of brilliance
 p - a potion of mutation
 r - 6 potions of flight
 t - a potion of ambrosia {unknown}
 v - 3 potions of curing
 w - a potion of berserk rage {unknown}
 A - 3 potions of attraction {unknown}
 C - 2 potions of resistance {unknown}
 L - a potion of haste {unknown}
 M - a potion of heal wounds


   Skills:
 + Level 9.6 Fighting
 + Level 7.0 Short Blades
 + Level 7.0 Long Blades
 + Level 7.0 Axes
 + Level 7.0 Maces & Flails
 + Level 7.0 Polearms
 + Level 7.0 Staves
 + Level 7.0 Ranged Weapons
 + Level 7.0 Throwing
 + Level 9.6 Armour
 + Level 7.0 Dodging
 + Level 7.0 Stealth
 + Level 7.5 Shields
 + Level 7.0 Unarmed Combat
 + Level 7.6 Spellcasting
 + Level 5.8 Conjurations
 + Level 5.8 Hexes
 + Level 5.8 Summonings
 + Level 5.8 Necromancy
 + Level 5.8 Translocations
 + Level 5.8 Transmutations
 + Level 5.8 Fire Magic
 + Level 5.8 Ice Magic
 + Level 5.8 Air Magic
 + Level 6.2 Earth Magic
 + Level 5.8 Poison Magic
 + Level 7.6 Invocations
 + Level 7.5 Evocations


You had 13 spell levels left.
You knew the following spells:

 Your Spells              Type           Power      Damage    Failure   Level
a - Sandblast             Erth           64%        2d14      1%          1
b - Stone Arrow           Conj/Erth      62%        3d10      3%          3
c - Slow                  Hex            100%       N/A       1%          1
d - Vampiric Draining     Necr           30%        2d8       4%          3
e - Animate Armour        Summ/Erth      62%        N/A       13%         4

Your spell library contained the following spells:

 Spells                   Type           Power      Damage    Failure   Level
 Summon Small Mammal      Summ           100%       N/A       1%          1
 Call Canine Familiar     Summ           30%        N/A       4%          3
 Confusing Touch          Hex            30%        N/A       4%          3
 Inner Flame              Hex/Fire       30%        N/A       4%          3
 Summon Guardian Golem    Hex/Summ       30%        N/A       4%          3
 Cause Fear               Hex            15%        N/A       14%         4
 Fireball                 Conj/Fire      15%        3d8       36%         5
 Iskenderun's Battlesphe  Conj           30%        2d8       36%         5
 Summon Forest            Summ/Tloc      15%        N/A       36%         5
 Summon Mana Viper        Hex/Summ       30%        N/A       36%         5
 Conjure Ball Lightning   Conj/Air       15%        3x3d6     91%         6
 Summon Cactus Giant      Summ           15%        N/A       91%         6
 Orb of Destruction       Conj           15%        9d7       100%        7
 Discord                  Hex            15%        N/A       100%        8
 Lehudib's Crystal Spear  Conj/Erth      15%        10d5      100%        8


Dungeon Overview and Level Annotations

Branches:
Dungeon (10/15)            Temple (0/1) D:4            Lair (0/5) D:8
    Orc (0/2) D:9           Sewer (visited)

Altars:
Okawaru
Ru
Sif Muna
Wu Jian
Yredelemnul


Innate Abilities, Weirdness & Mutations

You have very sharp teeth.
Your uncanny sense of smell can sniff out nearby items.
Your experience applies equally to all skills.
Your mind is acute. (Int +4, Str/Dex -1)
You occasionally shout uncontrollably at your foes.


Message History

Your Long Blades skill increases to level 7!
Your Axes skill increases to level 7!
Your Maces & Flails skill increases to level 7!
Your Polearms skill increases to level 7!
Your Staves skill increases to level 7!
Your Ranged Weapons skill increases to level 7!
Your Throwing skill increases to level 7!
Your Dodging skill increases to level 7!
Your Stealth skill increases to level 7!
Your Unarmed Combat skill increases to level 7!
You sock the yak! You freeze the yak.
The yak is moderately wounded.
The troll barely misses you. The troll closely misses you.
The troll claws you but does no damage. The yak gores you.
* * * LOW HITPOINT WARNING * * *
The troll barely misses you. You block the troll's attack.
The troll misses you. The yak closely misses you.
You sock the yak! You freeze the yak.
The yak is severely wounded.
The troll closely misses you. The troll claws you.
* * * LOW HITPOINT WARNING * * *
The troll claws you but does no damage. The yak gores you but does no damage.
You hit the yak. You freeze the yak.
The yak is severely wounded.
The troll bites you.
* * * LOW HITPOINT WARNING * * *
The troll claws you.
* * * LOW HITPOINT WARNING * * *
The troll claws you.
* * * LOW HITPOINT WARNING * * *
The yak barely misses you.
You closely miss the yak.
The yak is severely wounded.
The troll closely misses you.
The troll claws you but does no damage. x2
The yak gores you!
* * * LOW HITPOINT WARNING * * *
You hit the yak. You freeze the yak.
The yak is almost dead.
The troll bites you.
You die...

#/# # #.# #.##.##
#.#...## ...... # #...
#.##.##§####.#.#
......§T@YY§Y...
#######§####.#.# #.#
#.# #.# #.#
########.######
########.....^.......#
......##.####........#


You could see 2 yaks and a troll.

Vanquished Creatures
  Erica (D:9)
  A two-headed ogre (D:10)
  Pikel (D:7)
  Joseph (D:7)
  An unseen horror (D:10)
  Maggie (D:7)
  A kobold demonologist (D:9)
  2 trolls
  A hornet (D:9)
  4 shadows (D:9)
  16 yaks
  A wraith (D:8)
  A wyvern (D:9)
  A steam dragon (D:10)
  Grum (D:9)
  2 acid dragons
  A water moccasin (D:4)
  5 ice beasts
  2 orc warriors
  A black bear (D:7)
  A centaur (D:5)
  5 wolves
  3 phantoms
  4 lemures (D:7)
  3 kobold brigands
  2 necrophages
  4 bullfrogs
  3 scorpions
  14 wights
  A troll zombie (D:9)
  16 killer bees
  2 electric eels (D:8)
  A howler monkey (D:5)
  8 hounds
  Crazy Yiuf (D:7)
  3 jellies
  4 orc priests
  Natasha (thrice) (D:4)
  4 iguanas
  6 orc wizards
  7 ogre zombies (D:9)
  12 adders
  3 river rats (Sewer)
  A shadow imp (D:5)
  A white imp (D:7)
  An ufetubus (D:5)
  4 worms
  A dart slug (D:3)
  32 orcs
  22 ball pythons
  5 endoplasms
  7 giant cockroaches
  5 goblins
  5 hobgoblins
  6 jackals
  6 quokkas
  11 bats
  6 frilled lizards
  6 goblin zombies (D:9)
  21 kobolds
  2 orc skeletons (D:9)
  17 orc zombies (D:9)
  5 rats
319 creatures vanquished.

Vanquished Creatures (others)
  A scorpion (D:5)
  A worm (D:3)
2 creatures vanquished.

Grand Total: 321 creatures vanquished

Notes
Turn   | Place    | Note
-------+----------+-------------------------------------------
     0 | D:1      | Sabo the Gnoll Wanderer began the quest for the Orb.
     0 | D:1      | Sabo set off with the following items: a +0 club, a +0
                  | buckler, a scroll of fog, a +0 chain mail; and the
                  | following spell memorised: Sandblast; and the following
                  | spells available to memorise: Stone Arrow.
     0 | D:1      | Reached XP level 1. HP: 23/23 MP: 4/4
   301 | D:1      | Reached XP level 2. HP: 29/29 MP: 2/5
   358 | D:1      | Found a faded altar of an unknown god.
   374 | D:1      | Prayed at the altar of an unknown god.
   374 | D:1      | Became a worshipper of the Wu Jian Council
   374 | D:1      | Reached * piety under Wu Jian
  1899 | D:2      | Reached XP level 3. HP: 35/35 MP: 1/7
  2268 | D:2      | Reached skill level 1 in Invocations
  2506 | D:2      | Reached skill level 1 in Short Blades
  2506 | D:2      | Reached skill level 1 in Long Blades
  2506 | D:2      | Reached skill level 1 in Axes
  2506 | D:2      | Reached skill level 1 in Maces & Flails
  2506 | D:2      | Reached skill level 1 in Polearms
  2506 | D:2      | Reached skill level 1 in Staves
  2506 | D:2      | Reached skill level 1 in Ranged Weapons
  2506 | D:2      | Reached skill level 1 in Throwing
  2506 | D:2      | Reached skill level 1 in Dodging
  2506 | D:2      | Reached skill level 1 in Stealth
  2506 | D:2      | Reached skill level 1 in Unarmed Combat
  2830 | D:3      | Reached ** piety under Wu Jian
  2884 | D:3      | Reached XP level 4. HP: 41/41 MP: 8/8
  2948 | D:3      | Found a glowing drain.
  2962 | Sewer    | Entered a sewer
  3202 | Sewer    | Reached skill level 1 in Conjurations
  3202 | Sewer    | Reached skill level 1 in Hexes
  3202 | Sewer    | Reached skill level 1 in Summonings
  3202 | Sewer    | Reached skill level 1 in Necromancy
  3202 | Sewer    | Reached skill level 1 in Translocations
  3202 | Sewer    | Reached skill level 1 in Transmutations
  3202 | Sewer    | Reached skill level 1 in Fire Magic
  3202 | Sewer    | Reached skill level 1 in Ice Magic
  3202 | Sewer    | Reached skill level 1 in Air Magic
  3202 | Sewer    | Reached skill level 1 in Poison Magic
  3348 | Sewer    | Reached XP level 5. HP: 46/47 MP: 9/9
  4076 | D:3      | Learned a level 3 spell: Stone Arrow
  4603 | D:4      | Noticed Natasha
  4609 | D:4      | Killed Natasha
  4666 | D:4      | Noticed a water moccasin
  4674 | D:4      | Killed a water moccasin
  4675 | D:4      | Reached XP level 6. HP: 37/53 MP: 9/11
  4891 | D:4      | Reached *** piety under Wu Jian
  4931 | D:4      | Reached XP level 7. HP: 59/60 MP: 9/12
  5069 | D:4      | Identified a scroll of acquirement
  5419 | D:4      | Found a staircase to the Ecumenical Temple.
  5426 | D:4      | Noticed Natasha
  5433 | D:4      | Killed Natasha
  5469 | D:4      | Noticed Natasha
  5488 | D:4      | Killed Natasha
  5723 | D:5      | Entered Level 5 of the Dungeon
  6443 | D:5      | Reached XP level 8. HP: 53/67 MP: 14/14
  7472 | D:6      | Noticed a yak
  7472 | D:6      | Noticed a yak
  7474 | D:6      | Noticed a yak
  7475 | D:6      | Noticed a yak
  7476 | D:6      | Noticed a yak
  7477 | D:6      | Noticed a yak
  7496 | D:6      | Killed a yak
  7497 | D:6      | Reached XP level 9. HP: 21/70 MP: 16/16
  7506 | D:6      | Reached skill level 5 in Spellcasting
  7507 | D:6      | Reached **** piety under Wu Jian
  7514 | D:6      | Reached skill level 5 in Shields
  7514 | D:6      | Reached skill level 5 in Evocations
  7540 | D:6      | Reached skill level 5 in Invocations
  8790 | D:7      | Noticed Joseph
  8809 | D:7      | Killed Joseph
  8810 | D:7      | Reached skill level 5 in Short Blades
  8810 | D:7      | Reached skill level 5 in Long Blades
  8810 | D:7      | Reached skill level 5 in Axes
  8810 | D:7      | Reached skill level 5 in Maces & Flails
  8810 | D:7      | Reached skill level 5 in Polearms
  8810 | D:7      | Reached skill level 5 in Staves
  8810 | D:7      | Reached skill level 5 in Ranged Weapons
  8810 | D:7      | Reached skill level 5 in Throwing
  8810 | D:7      | Reached skill level 5 in Dodging
  8810 | D:7      | Reached skill level 5 in Stealth
  8810 | D:7      | Reached skill level 5 in Unarmed Combat
  8810 | D:7      | Reached XP level 10. HP: 25/81 MP: 18/18
  8812 | D:7      | Noticed Maggie
  8840 | D:7      | Killed Maggie
  9145 | D:7      | Found a runed translucent door.
  9146 | D:7      | Noticed Crazy Yiuf
  9151 | D:7      | Killed Crazy Yiuf
  9207 | D:7      | Noticed Pikel
  9233 | D:7      | HP: 4/82 [poisoned by a killer bee]
  9255 | D:7      | HP: 2/82 [killer bee (5)]
  9679 | D:7      | Found an iron altar of Okawaru.
  9682 | D:7      | Found an ornate altar of the Wu Jian Council.
  9687 | D:7      | Found a basalt altar of Yredelemnul.
  9688 | D:7      | Found a sacrificial altar of Ru.
  9699 | D:7      | Found a shimmering blue altar of Sif Muna.
  9852 | D:7      | Killed Pikel
  9853 | D:7      | Reached skill level 5 in Earth Magic
  9945 | D:7      | Acquired the +2 cloak of the Thief {*Fog Slay-2 SInv
                  | Stlth+}
  9945 | D:7      | Found the +2 cloak of the Thief {*Fog Slay-2 SInv Stlth+}
 11577 | D:8      | Found a staircase to the Lair.
 11921 | D:9      | Reached skill level 5 in Conjurations
 11921 | D:9      | Reached skill level 5 in Hexes
 11921 | D:9      | Reached skill level 5 in Summonings
 11921 | D:9      | Reached skill level 5 in Necromancy
 11921 | D:9      | Reached skill level 5 in Translocations
 11921 | D:9      | Reached skill level 5 in Transmutations
 11921 | D:9      | Reached skill level 5 in Fire Magic
 11921 | D:9      | Reached skill level 5 in Ice Magic
 11921 | D:9      | Reached skill level 5 in Air Magic
 11921 | D:9      | Reached skill level 5 in Poison Magic
 11921 | D:9      | Reached XP level 11. HP: 89/89 MP: 21/21
 12084 | D:9      | Reached ***** piety under Wu Jian
 12086 | D:9      | Found a staircase to the Orcish Mines.
 12684 | D:9      | Noticed Grum
 12700 | D:9      | Killed Grum
 12895 | D:9      | Noticed Erica
 13224 | D:9      | Killed Erica
 13224 | D:9      | HP: 4/89 [wyvern (6)]
 13616 | D:9      | Gained mutation: You occasionally lose the ability to drink
                  | potions when taking damage. [potion of mutation]
 13616 | D:9      | Gained mutation: You occasionally lose the ability to read
                  | scrolls when taking damage. [potion of mutation]
 13617 | D:9      | Lost mutation: You occasionally lose the ability to drink
                  | potions when taking damage. [potion of mutation]
 13617 | D:9      | Lost mutation: You occasionally lose the ability to read
                  | scrolls when taking damage. [potion of mutation]
 13617 | D:9      | Gained mutation: You are clumsy. (Dex -2) [potion of
                  | mutation]
 13617 | D:9      | Gained mutation: You are robust. (+10% HP) [potion of
                  | mutation]
 13638 | D:9      | Lost mutation: You are robust. (+10% HP) [potion of
                  | mutation]
 13638 | D:9      | Lost mutation: You are clumsy. (Dex -2) [potion of
                  | mutation]
 13638 | D:9      | Gained mutation: You occasionally shout uncontrollably at
                  | your foes. [potion of mutation]
 13638 | D:9      | Gained mutation: Your mind is acute. (Int +4, Str/Dex -1)
                  | [potion of mutation]
 13651 | D:10     | Entered Level 10 of the Dungeon
 13758 | D:10     | Learned a level 1 spell: Slow
 13762 | D:10     | Learned a level 3 spell: Vampiric Draining
 13767 | D:10     | Learned a level 4 spell: Animate Armour
 14377 | D:10     | Noticed a two-headed ogre
 14391 | D:10     | Killed a two-headed ogre
 14401 | D:10     | Slain by a troll

Illustrated notes

Levels and vault maps discovered:
D:1:      dpeg_arrival_solitude, layout_loops_corners,
          shapermc_ecumenical_altar_starsandcircs, item_on_display_a
D:2:      layout_basic
D:3:      layout_loops_ring, portal_sewer_entry_c, lemuel_flame_loot_1
D:4:      layout_rooms, minmay_temple_entry_hall, chequers_decorated_corner,
          uniq_natasha
D:5:      layout_loops_ring
D:6:      layout_basic, kennysheep_crisscross
D:7:      layout_cave_pools, minitemple, uniq_pikel, uniq_maggie, uniq_joseph,
          uniq_crazy_yiuf_cottage
D:8:      layout_loops_ring, erik_lair_island,
          hangedman_abyss_or_decor_lesser_grid
D:9:      layout_loops_ring, zombieorc2_lemuel, serial_aquarium,
          aquarium_bridge_square [aquarium_subvault_bridge,
          aquarium_subvault_bridge, aquarium_subvault_wall,
          aquarium_subvault_bridge], aquarium_bridge_square
          [aquarium_subvault_bridge, aquarium_subvault_wall,
          aquarium_subvault_bridge, aquarium_subvault_balcony],
          aquarium_window_1, aquarium_window_fake, aquarium_view_2a,
          aquarium_pool_corner, uniq_erica, uniq_grum
D:10:     layout_loops_corners

Skill      XL: |  1  2  3  4  5  6  7  8  9 10 11 |
---------------+----------------------------------+-----
Earth Magic    | 2 3 4 5 6 |  6.2
Invocations    | 1 2 3 4 5 6 7 |  7.6
Short Blades   | 1 2 3 5 6 7 |  7.0
Long Blades    | 1 2 3 5 6 7 |  7.0
Axes           | 1 2 3 5 6 7 |  7.0
Maces & Flails | 1 2 3 5 6 7 |  7.0
Polearms       | 1 2 3 5 6 7 |  7.0
Staves         | 1 2 3 5 6 7 |  7.0
Ranged Weapons | 1 2 3 5 6 7 |  7.0
Throwing       | 1 2 3 5 6 7 |  7.0
Dodging        | 1 2 3 5 6 7 |  7.0
Stealth        | 1 2 3 5 6 7 |  7.0
Unarmed Combat | 1 2 3 5 6 7 |  7.0
Spellcasting   | 3 4 5 6 7 |  7.6
Conjurations   | 1 2 3 4 5 |  5.8
Hexes          | 1 2 3 4 5 |  5.8
Summonings     | 1 2 3 4 5 |  5.8
Necromancy     | 1 2 3 4 5 |  5.8
Translocations | 1 2 3 4 5 |  5.8
Transmutations | 1 2 3 4 5 |  5.8
Fire Magic     | 1 2 3 4 5 |  5.8
Ice Magic      | 1 2 3 4 5 |  5.8
Air Magic      | 1 2 3 4 5 |  5.8
Poison Magic   | 1 2 3 4 5 |  5.8
Shields        | 3 4 5 6 7 |  7.5
Evocations     | 3 4 5 6 7 |  7.5
Fighting       | 7 8 9 |  9.6
Armour         | 7 8 9 |  9.6

Action                     |  1- 3 |  4- 6 |  7- 9 | 10-12 || total
---------------------------+-------+-------+-------+-------++-------
  Melee: Short sword       |    44 |       |       |       ||    44
         Club              |     6 |       |       |       ||     6
         Bite              |    12 |     9 |    33 |    54 ||   108
         War axe           |    49 |   110 |   142 |       ||   301
         Flail             |       |       |   126 |   478 ||   604
  Throw: Dart              |       |       |       |     5 ||     5
   Cast: Sandblast         |    17 |    22 |    38 |    48 ||   125
Ability: Lunge             |     1 |     6 |     6 |    18 ||    31
         Whirlwind         |     1 |     7 |    12 |     6 ||    26
    Use: Scroll            |     3 |     1 |     5 |     7 ||    16
         Potion            |       |     2 |     2 |    11 ||    15
   Stab: Sleeping          |       |       |     1 |     2 ||     3
         Distracted        |       |       |       |     2 ||     2
 Armour: Chain mail        |    11 |       |       |       ||    11
         Scale mail        |    57 |    81 |   121 |       ||   259
         Ring mail         |       |       |    30 |    74 ||   104
         Acid dragon scale |       |       |       |   157 ||   157
  Dodge: Dodged            |    44 |    65 |   166 |   291 ||   566
  Block: Buckler           |    20 |    31 |    73 |   138 ||   262

Table legend: (Time is in decaauts)
 A = Elapsed time spent in this place.
 B = Non-inter-level travel time spent in this place.
 C = Inter-level travel time spent in this place.
 D = Time resting spent in this place.
 E = Time spent auto-exploring this place.
 F = Levels seen in this place.
 G = Mean time per level.
                   A        B        C        D        E       F      G
               +--------+--------+--------+--------+--------+-----+--------+
         Total |  14903 |  14903 |      0 |   4804 |      0 |  11 | 1354.8 |
       Dungeon |  13652 |  13652 |      0 |   4366 |      0 |  10 | 1365.2 |
         Sewer |   1250 |   1250 |      0 |    438 |      0 |   1 | 1250.0 |
               +--------+--------+--------+--------+--------+-----+--------+

Top non-repeatable levels by time:
     D:9: 1990 daAuts
     D:8: 1742 daAuts
     D:6: 1603 daAuts
     D:7: 1557 daAuts
     D:1: 1432 daAuts
     D:2: 1320 daAuts
   Sewer: 1250 daAuts
     D:5: 1203 daAuts
     D:4: 1185 daAuts
     D:3: 857 daAuts
    D:10: 760 daAuts
